 Dungeon Crawl Stone Soup version 0.17-a0-1174-ge06b3cc (webtiles) character file.

31 Hanyuu the Insei (level 3, -2/23 HPs)
             Began as an Octopode Transmuter on May 29, 2015.
             Slain by Sigmund
             ... wielding a +0 scythe
              (14 damage)
             ... on level 2 of the Dungeon.
             The game lasted 00:02:39 (1840 turns).

Hanyuu the Insei (Octopode Transmuter)              Turns: 1840, Time: 00:02:39

Health: -2/23      AC:  1    Str:  9    XL:     3   Next: 22%
Magic:  6/6        EV: 12    Int: 16    God:
Gold:   95         SH:  0    Dex: 12    Spells: 1 memorised, 5 levels left

rFire  . . .     SeeInvis .       - Unarmed
rCold  . . .     Clarity  .     (no shield)
rNeg   . . .     SustAt   .     (helmet restricted)
rPois  .         Gourm    .     (no amulet)
rElec  .         Spirit   .     (no ring)
rCorr  .         Warding  .     (no ring)
rMut   .         Stasis   .     (no ring)
MR     .....                    (no ring)
Stlth  ++........               (no ring)
                                (no ring)
                                (no ring)
                                (no ring)

@: confused, very slightly contaminated, not resistant to hostile enchantments,
unstealthy
A: almost no armour, amphibious, 8 rings, constrict 8, camouflage 1, gelatinous
body 1
a: no special abilities


You were on level 2 of the Dungeon.
You were not hungry.

You visited 1 branch of the dungeon, and saw 2 of its levels.

You collected 95 gold pieces.

Inventory:

Missiles
 a - 12 arrows
 e - 3 needles of confusion
Scrolls
 d - a scroll of remove curse
 i - 2 scrolls of identify {unknown}
 k - a scroll of immolation {unknown}
 m - a scroll of fog {unknown}
 n - a scroll of blinking {unknown}
Potions
 f - a potion of curing {unknown}
 j - a potion of heal wounds {unknown}
 l - a potion of degeneration {unknown}
Books
 b - a book of Changes

   Spells                             Type                      Level
   a - Beastly Appendage              Transmutation                1
   b - Sticks to Snakes               Transmutation                2
   c - Spider Form                    Transmutation/Poison         3
   d - Ice Form                       Ice/Transmutation            4
   e - Blade Hands                    Transmutation                5
Comestibles
 c - a bread ration


   Skills:
 - Level 1.0 Fighting
 - Level 2.0 Dodging
 + Level 4.2 Unarmed Combat
 - Level 2.0 Spellcasting
 - Level 2.0 Transmutations


You had 5 spell levels left.
You knew the following spells:

 Your Spells              Type           Power        Failure   Level  Hunger
a - Beastly Appendage     Trmt           #.....       10%         1    #......


Dungeon Overview and Level Annotations

Branches:
Dungeon (2/15)

Altars:

Annotations:
D:2 Sigmund


Innate Abilities, Weirdness & Mutations

You cannot wear most types of armour.
You are amphibious.
You can wear up to eight rings at the same time.
You can use your tentacles to constrict eight enemies at once.
Your skin changes colour to match your surroundings (Stealth).
Your rubbery body absorbs attacks (AC +1).


Message History

You bump into the rock wall.
Sigmund barely misses you. Sigmund gestures at you while chanting.
You are more confused.
You bump into the rock wall.
You bump into the rock wall.
Sigmund misses you.
You're too confused to cast spells.
Sorry, you're not good enough to have a special ability.
You closely miss Sigmund. Sigmund hits you with a scythe.
You bump into the rock wall.
Sigmund points at you and mumbles some strange words.
You are more confused.
You're too confused to move!
Sigmund mumbles some strange words.
Sigmund flickers and vanishes!
Deactivating autopickup; reactivate with Ctrl-A.
You barely miss something. Something hits you!
You bump into the rock wall.
You closely miss something. Something hits you!
Ouch! That really hurt!
You die...

......... .........
........# ........# #.# #
......# #.# # %... #.# #
#'##############.###
#r{@........#.......
#.#########.........
#######.##########........
##.#.#.#.#.#.#.#.##.......)
#....................##.###
##.#.#.#.#<#.#.#.#.#.##.##.
#..........(.......#..#.##.
##.#.#.#.#.#.#.#.####.#.##.
..................# ...###


You could see a rat.

Vanquished Creatures
  An adder (D:2)
  2 giant geckos
  2 bats (D:1)
  4 goblins
  2 hobgoblins (D:1)
  A giant newt (D:1)
  5 kobolds
  3 rats
20 creatures vanquished.

Notes
Turn   | Place    | Note
--------------------------------------------------------------
     0 | D:1      | Hanyuu the Octopode Transmuter began the quest for the Orb.
     0 | D:1      | Reached XP level 1. HP: 13/13 MP: 3/3
     1 | D:1      | Noticed an electric eel
   576 | D:1      | Reached XP level 2. HP: 2/18 MP: 5/5
  1562 | D:2      | Reached skill level 4 in Unarmed Combat
  1562 | D:2      | Reached XP level 3. HP: 16/23 MP: 3/6
  1823 | D:2      | Noticed Sigmund
  1840 | D:2      | Slain by Sigmund

Vault maps used:
D:1:      arrival_aquarium_a
D:2:      nicolae_overflow_hidden_temple, st_stairs_11,
          nicolae_ru_path_of_blood, uniq_sigmund, uniq_iyjb

Action                   || total
-------------------------++-------
Melee: Unarmed           ||    57
 Cast: Beastly Appendage ||     2
  Use: Scroll            ||     2
 Stab: Sleeping          ||     2
  Eat: Chunk             ||     3
